 Dungeon Crawl Stone Soup version 0.23.0 (webtiles) character file.

Game seed: 3064876887932655515

18 vishdafish the Ducker (level 2, -1/42 HPs)
             Began as a Troll Skald on Feb 15, 2019.
             Killed from afar by Natasha (5 damage)
             ... with a magic dart
             ... on level 2 of the Dungeon.
             The game lasted 00:01:26 (683 turns).

vishdafish the Ducker (Troll Skald)                  Turns: 683, Time: 00:01:27

Health: -1/42      AC: 21    Str: 18    XL:     2   Next: 51%
Magic:  2/2        EV:  1    Int:  9    God:
Gold:   44         SH:  4    Dex:  7    Spells: 2/3 levels left

rFire    . . .     SeeInvis .   a - +0 mace
rCold    . . .     Gourm    +   (no shield)
rNeg     + + +     Faith    .   (armour currently unavailable)
rPois    +         Spirit   .   (helmet currently unavailable)
rElec    .         Reflect  +   (cloak currently unavailable)
rCorr    .         Harm     .   (gloves unavailable)
MR       .....     NoTele   +   (boots unavailable)
Stlth    +.........             g - +4 amulet of reflection
HPRegen  0.54/turn              j - -2 ring of dexterity (curse)
MPRegen  0.08/turn              (no ring)

@: tree-form
A: large, unfitting armour, fast metabolism 3, gourmand, regeneration 1
a: no special abilities


You were on level 2 of the Dungeon.
You were not hungry.
You were a tree.
You visited 1 branch of the dungeon, and saw 2 of its levels.

You collected 44 gold pieces.

Inventory:

Hand Weapons
 a - a +0 mace (weapon)
Missiles
 c - 5 large rocks (quivered)
Armour
 b - a +0 robe (melded)
 e - a +0 cloak (melded)
Jewellery
 g - a +4 amulet of reflection (around neck)
 j - a cursed -2 ring of dexterity (left branch)
Scrolls
 f - 2 scrolls of remove curse {unknown}
 k - a scroll of identify {unknown}
Potions
 l - a potion of ambrosia {unknown}
 m - a potion of cancellation {unknown}
 n - a potion of degeneration {unknown}
Comestibles
 d - 4 rations


   Skills:
 + Level 1.9 Fighting
 + Level 2.1 Maces & Flails
 + Level 2.1 Dodging
 - Level 1.2 Spellcasting
 + Level 2.1 Charms


You had 2 spell levels left.
You knew the following spells:

 Your Spells              Type           Power        Failure   Level  Hunger
a - Infusion              Chrm           #...         16%         1    ##.....

Your spell library contained the following spells:

 Spells                   Type           Power        Failure   Level  Hunger
 Song of Slaying          Chrm           #.......     22%         2    ###....
 Shroud of Golubria       Chrm/Tloc      #.........   34%         2    ###....
 Regeneration             Chrm/Necr      #.........   56%         3    ####...
 Spectral Weapon          Hex/Chrm       #.......     56%         3    ####...


Dungeon Overview and Level Annotations

Branches:
Dungeon (2/15)

Altars:

Annotations:
D:2 Natasha


Innate Abilities, Weirdness & Mutations

You are too large for most types of armour.
((You have claws for hands.))
Your metabolism is lightning-fast.
You like to eat raw meat.
Your natural rate of healing is unusually fast.
((You are covered in fur. (AC +1)))
((You have extremely tough skin. (AC +3)))


Message History

Your +0 cloak melds into your body.
Your +0 robe melds into your body.
Your roots penetrate the ground.
The bat hits you but does no damage.
The white imp hits you but does no damage.
You block Natasha's attack.
You hit Natasha.
Natasha is moderately wounded.
The bat hits you but does no damage.
The white imp hits you but does no damage.
Natasha claws you.
* * * LOW HITPOINT WARNING * * *
The white imp hits you but does no damage.
You hit Natasha.
Natasha is severely wounded.
The bat hits you but does no damage. Natasha claws you.
* * * LOW HITPOINT WARNING * * *
The white imp hits you but does no damage.
You block the bat's attack. Natasha casts a spell at you.
The magic dart hits you.
You die...

......# ##
##...#.. .#
.#.....%##.# #
........... ..
........$.##.#
..#..........##
.<.....5b<.....
#####♣h.#
#<#.#...#
#.......#
#####.#..#
..##.# ... .#
....# . ....#
.. ?....# ..


You could see Natasha, a white imp and a bat.

Vanquished Creatures
  2 dart slugs (D:1)
  A giant cockroach (D:1)
  2 hobgoblins
  2 bats (D:1)
  3 frilled lizards (D:1)
  2 goblins (D:1)
  2 kobolds (D:1)
  2 rats (D:1)
16 creatures vanquished.

Notes
Turn   | Place    | Note
-------+----------+-------------------------------------------
     0 | D:1      | vishdafish the Troll Skald began the quest for the Orb.
     0 | D:1      | Reached XP level 1. HP: 19/19 MP: 1/1
   242 | D:1      | Reached XP level 2. HP: 24/28 MP: 2/2
   669 | D:2      | Noticed Natasha
   683 | D:2      | Killed from afar by Natasha

Skill      XL: |  1 |
---------------+----+-----
Dodging        | 2 |  2.1
Maces & Flails | 2 |  2.1
Fighting       | |  1.9
Spellcasting   | |  1.2
Charms         | |  2.1

Action                   || total
-------------------------++-------
Melee: Mace              ||    62
  Use: Potion            ||     2
  Eat: Ration            ||     1
       Chunk             ||     1
Armor: Robe              ||    33
       Skin              ||     7
Dodge: Dodged            ||    50
Block: Other             ||    18
